 Dungeon Crawl Stone Soup version 0.31-a0-675-g238779eb0a (webtiles) character file.

Game seed: 11219575034651820913

28 Essalna the Conjurer (level 3, 24/24 HPs)
             Began as a Demonspawn Conjurer on Sept 5, 2023.
             Got out of the dungeon alive.
             The game lasted 00:01:28 (679 turns).

Essalna the Conjurer (Demonspawn Conjurer)           Turns: 679, Time: 00:01:28

Health: 24/24      AC:  5    Str:  7    XL:     3   Next: 0%
Magic:  6/7        EV: 12    Int: 21    God:
Gold:   26         SH:  0    Dex: 11    Spells: 6/7 levels left

rFire   . . .        b - +0 dagger
rCold   . . .        (no shield)
rNeg    . . .        a - +0 robe
rPois   .            (helmet restricted)
rElec   .            (no cloak)
rCorr   .            c - +0 pair of gloves
SInv    .            (no boots)
Will    .....        (no amulet)
Stlth   ++           (no ring)
HPRegen 0.24/turn    (no ring)
MPRegen 0.10/turn

%: no passive effects
@: no status effects
A: antennae 1, icy blue scales 1
a: no special abilities


You escaped.
You visited 1 branch of the dungeon, and saw 1 of its levels.

You collected 26 gold pieces.

Inventory:

Hand Weapons
 b - a +0 dagger (weapon)
Armour
 a - a +0 robe (worn)
 c - a +0 pair of gloves (worn)
Scrolls
 e - a scroll of identify {unknown}
 f - a scroll of brand weapon {unknown}
Potions
 d - a potion of brilliance {unknown}
 g - a potion of resistance {unknown}


   Skills:
 - Level 1.7 Dodging
 - Level 1.7 Stealth
 + Level 2.7 Spellcasting
 + Level 4.5 Conjurations


You had 6 spell levels left.
You knew the following spells:

 Your Spells              Type           Power      Damage    Failure   Level
a - Magic Dart            Conj           84%        1d7       2%          1

Your spell library contained the following spells:

 Spells                   Type           Power      Damage    Failure   Level
 Searing Ray              Conj           42%        2d6       3%          2
 Dazzling Flash           Conj/Hex       24%        N/A       16%         3
 Fulminant Prism          Conj/Hex       6%         3d7       47%         4
 Iskenderun's Mystic Bla  Conj/Tloc      12%        2d5       47%         4


Dungeon Overview and Level Annotations

Branches:
Dungeon (1/15)

Altars:


Innate Abilities, Weirdness & Mutations

You have a pair of small antennae on your head.
You are partially covered in icy blue scales. (AC +2)


Message History

Casting: Magic Dart (safe; 2% risk of failure)
Confirm with . or Enter, or press ? or * to list all spells.
Aiming: Magic Dart (safe; 2% risk of failure)
Press: ? - help, Shift-Dir - straight line, f/p - gnoll
Aim: a gnoll, wielding a +0 spear (almost dead, 100% to hit)
The magic dart hits the gnoll.
You kill the gnoll!
An endoplasm comes into view.
The endoplasm moves out of view.
The endoplasm quivers.
The magic dart hits the endoplasm.
The endoplasm is moderately wounded.
The magic dart hits the endoplasm.
The endoplasm is heavily wounded.
The magic dart hits the endoplasm.
The endoplasm is severely wounded.
The magic dart hits the endoplasm.
You kill the endoplasm!
You can't see any susceptible monsters within range! (Use Z to cast anyway.)
You can't see any susceptible monsters within range! (Use Z to cast anyway.)
You now have 26 gold pieces (gained 12).
e - a scroll labelled EBOAT SANKAUPUGA
f - a scroll labelled DURIDD HANTOG
g - a sedimented emerald potion You open the door.
There is an open door here.
There is an empty arch of ancient stone here.
Found a spear.
You see here a +0 spear.
A rat comes into view.
The magic dart hits the rat.
You kill the rat!
You have reached level 3!
Your experience leads to an increase in your attributes!
Increase (S)trength, (I)ntelligence, or (D)exterity?
You feel clever. x2; Your demonic ancestry asserts itself...
A pair of antennae grows on your head!
There is an escape hatch in the floor here.
There is a staircase leading out of the dungeon here.
You have escaped!

.......##.# ....
.......##.########### #..# ##
.......'............## #.. .#
.......####...♣♣♣♣♣..## #.# .#
.......####...♣♣♣♣♣.♣.###.# .#
.......##⌠.♣♣.♣∩∩∩.♣♣♣.>..####.#
...........♣♣∩.....∩♣♣.........#
.......#..♣♣∩..♣♣♣..∩♣♣.#..#####
#########.♣♣∩...@...∩♣♣.#..#
#.♣♣∩..♣♣♣..∩♣♣.#..#
#..♣♣∩.....∩♣♣..#..# ######
#⌠.♣♣♣♣∩.∩♣♣♣♣.⌠...# .....#
###.♣♣♣♣.♣♣♣♣.#....# ####.#
##..♣♣.♣♣......### #
#.########.......#.#.## ##
#......###.##......#.#
.###.####...#....###.##.#


There were no monsters in sight!

Vanquished Creatures
  A gnoll (D:1)
  A dart slug (D:1)
  A ball python (D:1)
  2 endoplasms (D:1)
  2 goblins (D:1)
  3 hobgoblins (D:1)
  A kobold (D:1)
  5 rats (D:1)
16 creatures vanquished.

Notes
Turn   | Place    | Note
-------+----------+-------------------------------------------
     0 | D:1      | Essalna the Demonspawn Conjurer began the quest for the
                  | Orb.
     0 | D:1      | Reached XP level 1. HP: 13/13 MP: 3/3
   296 | D:1      | Gained mutation: You are partially covered in icy blue
                  | scales. (AC +2) [demonic ancestry]
   296 | D:1      | Reached XP level 2. HP: 19/19 MP: 0/5
   663 | D:1      | Gained mutation: You have a pair of small antennae on your
                  | head. [demonic ancestry]
   663 | D:1      | Reached XP level 3. HP: 24/24 MP: 5/7
   679 | D:$      | Got out of the dungeon alive.

Illustrated notes

Levels and vault maps discovered:
D:1:      heliophobic_arrival_henge, layout_basic, minivault_23,
          grunt_decor_one_mirror, hex_intersection

Action                     || total
---------------------------++-------
  Melee: Unarmed           ||    21
   Cast: Magic Dart        ||    33
    Use: Potion            ||     1
 Armour: Robe              ||    10
  Dodge: Dodged            ||    16

Table legend: (Time is in decaauts)
 A = Elapsed time spent in this place.
 B = Non-inter-level travel time spent in this place.
 C = Inter-level travel time spent in this place.
 D = Time resting spent in this place.
 E = Time spent auto-exploring this place.
 F = Levels seen in this place.
 G = Mean time per level.
                   A        B        C        D        E       F      G
               +--------+--------+--------+--------+--------+-----+--------+
         Total |    678 |    663 |     15 |      0 |    560 |   1 |  678.0 |
       Dungeon |    678 |    663 |     15 |      0 |    560 |   1 |  678.0 |
               +--------+--------+--------+--------+--------+-----+--------+

Top non-repeatable levels by time:
     D:1: 678 daAuts
